[Event "December 5 Early 2023"]
[Site "https://www.chess.com"]
[Date "2023.12.05"]
[Round "7"]
[White "Pourkashiyan, Atousa"]
[Black "Kuzhylnyi, Oleksandr"]
[Result "0-1"]
[Board "93"]
[TimeControl "180+1"]
[WhiteFideId "12502014"]
[BlackFideId "34110500"]
[WhiteElo "2480"]
[BlackElo "2643"]
[WhiteTeam "USA"]
[BlackTeam "UKR"]
[WhiteClock "0:00:44"]
[BlackClock "0:01:58"]

1. e4 g6 2. d4 Bg7 3. Nc3 d6 4. f4 a6 5. Nf3 b5 6. Bd3 Nd7 7. O-O c5 8. e5 cxd4 9. Nxd4 dxe5 10. Nf3 Bb7 11. Re1 exf4 12. Bxf4 Ngf6 13. Bd6 Qb6+ 14. Kh1 Qxd6 15. a4 b4 16. Bb5 Qxd1 17. Raxd1 axb5 18. Nxb5 O-O 19. Rxe7 Bxf3 20. gxf3 Rxa4 21. Nd6 Nc5 22. f4 Ra2 23. f5 Rxb2 24. fxg6 hxg6 25. Rd2 b3 26. Nc4 Rxc2 0-1

[Event "December 5 Early 2023"]
[Site "https://www.chess.com"]
[Date "2023.12.05"]
[Round "7"]
[White "Spata, German"]
[Black "Iljin, Timofey"]
[Result "1-0"]
[Board "94"]
[TimeControl "180+1"]
[WhiteFideId "113026"]
[BlackFideId "14110180"]
[WhiteElo "2637"]
[BlackElo "2473"]
[WhiteTeam "ARG"]
[BlackTeam "UKR"]
[WhiteClock "0:00:44"]
[BlackClock "0:00:07"]

1. Nf3 f5 2. e3 Nf6 3. d4 g6 4. Be2 Bg7 5. O-O O-O 6. b3 d6 7. Bb2 Qe8 8. d5 a5 9. c4 Na6 10. Nc3 Nc5 11. Nd4 Bd7 12. Qc2 c6 13. Bf3 Rc8 14. Rad1 cxd5 15. Nxd5 Nxd5 16. Bxd5+ e6 17. Bf3 Kh8 18. Ne2 e5 19. Nc3 e4 20. Be2 g5 21. Nd5 Bxb2 22. Qxb2+ Qe5 23. Qxe5+ dxe5 24. Nb6 Rcd8 25. Rd5 Bc6 26. Rxc5 Rd2 27. Re1 Rfd8 28. Bf1 f4 29. Rxe5 Rxa2 30. Nd5 b5 31. exf4 gxf4 32. R5xe4 a4 33. bxa4 bxa4 34. Re6 Bd7 35. Rd6 a3 36. Ra6 Bf5 37. h3 f3 38. g4 Bc2 39. Re3 Rf8 40. Raxa3 Rb2 41. Rxf3 Rd8 42. Rac3 Be4 43. Rfe3 Bb1 44. Nf4 Ba2 45. c5 Rf8 46. c6 Rxf4 47. c7 Rf8 48. c8=Q Rxc8 49. Rxc8+ Kg7 50. Re2 Rb1 51. Rxa2 Kg6 52. Rc6+ Kg5 53. Rc3 h5 54. Ra5+ Kf6 55. Rc6+ Ke7 56. Ra7+ Kd8 57. Rh6 Re1 58. Rg7 Re8 59. Ra6 Re7 60. Ra8+ Kd7 61. Ra7+ Kd6 62. Rgxe7 h4 63. Rad7+ Kc5 64. Re5+ Kb4 65. Rd4+ Kb3 66. Re3+ Kb2 67. Rd2+ Kb1 68. Re1# 1-0

[Event "December 5 Early 2023"]
[Site "https://www.chess.com"]
[Date "2023.12.05"]
[Round "7"]
[White "Ambartsumova, Karina"]
[Black "Ozen, Metehan"]
[Result "1-0"]
[Board "95"]
[TimeControl "180+1"]
[WhiteFideId "4166299"]
[BlackFideId "34596054"]
[WhiteElo "2619"]
[BlackElo "2470"]
[WhiteTeam "RUS"]
[BlackTeam "TUR"]
[WhiteClock "0:00:10"]
[BlackClock "0:00:00"]

1. d4 d5 2. c4 e6 3. Nc3 Nf6 4. cxd5 exd5 5. Bg5 Be7 6. e3 c6 7. Bd3 h6 8. Bh4 Be6 9. h3 Nbd7 10. Qb3 Qb6 11. Qc2 a5 12. Nf3 Qd8 13. O-O Nh5 14. Bxe7 Qxe7 15. Rfe1 O-O 16. a3 g6 17. Rab1 Rfc8 18. Na4 Ng7 19. b4 axb4 20. axb4 Bf5 21. Nc5 Nb6 22. Bxf5 Nxf5 23. e4 dxe4 24. Rxe4 Qf6 25. Nxb7 Nd5 26. Nc5 Rd8 27. Nd3 Nd6 28. Re5 Nb5 29. Rc1 Ra3 30. Rce1 Kg7 31. Qd2 Rda8 32. Nc5 Nf4 33. Ne4 Nxh3+ 34. Kf1 Qd8 35. d5 Ra2 36. Qe3 cxd5 37. Nc5 Rxf2+ 38. Qxf2 Nxf2 39. Kxf2 Ra2+ 40. Kg1 Qd6 41. Nd3 d4 42. Rxb5 Qc6 43. Rc5 Qa6 44. Nfe5 Rd2 45. Rf1 Rxd3 46. Nxd3 Qxd3 47. Rc7 Qe3+ 48. Kh1 h5 49. Rfxf7+ Kh6 50. Rh7+ Kg5 51. Rhe7 Qg3 52. Rcd7 d3 53. b5 h4 54. b6 h3 55. gxh3 Qxh3+ 56. Kg1 Qg3+ 57. Kf1 Qf3+ 58. Ke1 Qh1+ 59. Kd2 1-0

[Event "December 5 Early 2023"]
[Site "https://www.chess.com"]
[Date "2023.12.05"]
[Round "7"]
[White "Agibileg, Uurtsaikh"]
[Black "Yurasova, Daria"]
[Result "1-0"]
[Board "96"]
[TimeControl "180+1"]
[WhiteFideId "4901606"]
[BlackFideId "34146919"]
[WhiteElo "2616"]
[BlackElo "2462"]
[WhiteTeam "MGL"]
[BlackTeam "RUS"]
[WhiteClock "0:02:10"]
[BlackClock "0:00:35"]

1. d4 d5 2. c4 dxc4 3. Nf3 Nf6 4. Nc3 c5 5. d5 a6 6. a4 e6 7. e4 exd5 8. exd5 Bd6 9. Bxc4 O-O 10. O-O Bg4 11. Bg5 h6 12. Bh4 Nbd7 13. Be2 Bxf3 14. Bxf3 Ne5 15. Ne4 Nxf3+ 16. Qxf3 Be5 17. Rad1 b6 18. d6 Ra7 19. Rd5 Bxb2 20. Rb1 g5 21. Bxg5 Nxd5 22. Bxd8 Rxd8 23. Rxb2 c4 24. Rd2 Nb4 25. Nf6+ Kf8 26. Qg4 1-0

[Event "December 5 Early 2023"]
[Site "https://www.chess.com"]
[Date "2023.12.05"]
[Round "7"]
[White "Janaszak, Dawid"]
[Black "Liu, Casper"]
[Result "1-0"]
[Board "97"]
[TimeControl "180+1"]
[WhiteFideId "1119206"]
[BlackFideId "1454153"]
[WhiteElo "2596"]
[BlackElo "2450"]
[WhiteTeam "POL"]
[BlackTeam "DEN"]
[WhiteClock "0:01:41"]
[BlackClock "0:01:01"]

1. c4 Nf6 2. Nc3 Nc6 3. g4 Nxg4 4. e4 d6 5. Be2 Nf6 6. d4 g6 7. f4 Bg7 8. e5 dxe5 9. fxe5 Nh5 10. Be3 Bf5 11. Nf3 e6 12. Qa4 O-O 13. O-O-O a6 14. d5 exd5 15. Nxd5 b5 16. Qa3 Nxe5 17. Ne7+ Kh8 18. Rxd8 Rfxd8 19. Nxe5 Bxe5 20. Nxf5 b4 21. Qa5 1-0

[Event "December 5 Early 2023"]
[Site "https://www.chess.com"]
[Date "2023.12.05"]
[Round "7"]
[White "Ianovsky, Matias Manuel"]
[Black "Swicarz, Maciej"]
[Result "1-0"]
[Board "98"]
[TimeControl "180+1"]
[WhiteFideId "112470"]
[BlackFideId "1113585"]
[WhiteElo "2590"]
[BlackElo "2446"]
[WhiteTeam "ARG"]
[BlackTeam "POL"]
[WhiteClock "0:00:26"]
[BlackClock "0:00:02"]

1. d4 Nf6 2. Nf3 e6 3. c4 b6 4. g3 Ba6 5. b3 d5 6. Bg2 Nbd7 7. Nbd2 c5 8. O-O Rc8 9. dxc5 Nxc5 10. b4 Ncd7 11. b5 Bb7 12. Nd4 Bc5 13. N2b3 O-O 14. Bb2 Ba8 15. Nc6 Bxc6 16. bxc6 Rxc6 17. cxd5 Nxd5 18. Rc1 Rd6 19. Qc2 N5f6 20. Nd2 Ne5 21. Ne4 Nxe4 22. Bxe4 Ng6 23. Rfd1 f5 24. Bf3 f4 25. Kg2 fxg3 26. hxg3 Rxd1 27. Rxd1 Qg5 28. Qe4 Qf5 29. Rd7 Rf7 30. Qxf5 exf5 31. Bd5 Nh8 32. Rxa7 Kf8 33. Bxf7 Nxf7 34. e3 h5 35. Bd4 Bxd4 36. exd4 Nd6 37. Rd7 Nb5 38. Rd5 Nc3 39. Rxf5+ Ke7 40. Rxh5 Nxa2 41. Rb5 Nc3 42. Rxb6 Ne2 43. d5 g5 44. Re6+ Kf7 45. Rxe2 1-0

[Event "December 5 Early 2023"]
[Site "https://www.chess.com"]
[Date "2023.12.05"]
[Round "7"]
[White "Burmakin, Evgeniy"]
[Black "Lund, Gunnar"]
[Result "0-1"]
[Board "99"]
[TimeControl "180+1"]
[WhiteFideId "4163729"]
[BlackFideId "1520814"]
[WhiteElo "2444"]
[BlackElo "2589"]
[WhiteTeam "RUS"]
[BlackTeam "NOR"]
[WhiteClock "0:00:04"]
[BlackClock "0:01:01"]

1. e4 e6 2. d4 d5 3. Nd2 Nf6 4. e5 Nfd7 5. f4 c5 6. c3 Nc6 7. Ndf3 Be7 8. Bd3 h6 9. Ne2 g5 10. f5 exf5 11. Bxf5 Nf8 12. Qd3 Bxf5 13. Qxf5 Qc8 14. g4 cxd4 15. cxd4 Nb4 16. O-O Ne6 17. Bd2 Nc6 18. Rac1 Qd7 19. a3 Rf8 20. b4 a6 21. Qd3 Nf4 22. Nxf4 gxf4 23. Qf5 Rg8 24. Qxd7+ Kxd7 25. h3 h5 26. Nh2 Nxd4 27. Rf2 Bh4 28. Rg2 f3 29. Rf2 Ke6 30. Be3 Bxf2+ 31. Kxf2 Nc6 32. gxh5 Nxe5 33. Nxf3 Nd3+ 0-1

[Event "December 5 Early 2023"]
[Site "https://www.chess.com"]
[Date "2023.12.05"]
[Round "7"]
[White "Latorre, Vincent"]
[Black "Shubenkova, Veronika"]
[Result "0-1"]
[Board "100"]
[TimeControl "180+1"]
[WhiteFideId "2636891"]
[BlackFideId "44124040"]
[WhiteElo "2443"]
[BlackElo "2584"]
[WhiteTeam "CAN"]
[BlackTeam "RUS"]
[WhiteClock "0:00:04"]
[BlackClock "0:01:32"]

1. e4 c6 2. d4 d5 3. f3 dxe4 4. fxe4 Nf6 5. e5 Nd5 6. Nf3 Bg4 7. Bc4 e6 8. O-O Be7 9. h3 Bh5 10. Nc3 O-O 11. Nxd5 cxd5 12. Bd3 Bg6 13. Kh1 Nc6 14. c3 Bxd3 15. Qxd3 f6 16. Bf4 fxe5 17. Nxe5 Nxe5 18. Bxe5 Bf6 19. Bh2 Qd7 20. Rae1 Rae8 21. Be5 Bd8 22. Qg3 Rxf1+ 23. Rxf1 Rf8 24. Rxf8+ Kxf8 25. h4 Qf7 26. Kg1 Kg8 27. h5 h6 28. Qg4 Bg5 29. Qf3 Qxf3 30. gxf3 Bc1 31. b3 b5 32. Bd6 Kf7 33. Kf2 Kf6 34. a4 bxa4 35. bxa4 Bd2 36. Ke2 Bxc3 37. Kd3 Ba5 38. Be5+ Kf7 39. Bd6 g6 40. hxg6+ Kxg6 41. Ke3 Bd8 42. Kf4 Bg5+ 43. Ke5 Kf7 44. Bc5 a6 45. a5 Bd8 46. Bb6 Be7 47. Bc5 Bxc5 48. dxc5 Ke7 49. c6 h5 50. Kf4 Kd6 51. Kg5 d4 52. Kxh5 d3 53. c7 Kxc7 54. Kg5 d2 0-1

[Event "December 5 Early 2023"]
[Site "https://www.chess.com"]
[Date "2023.12.05"]
[Round "7"]
[White "Todorovic, Bojan"]
[Black "Morgunov, Marc"]
[Result "0-1"]
[Board "101"]
[TimeControl "180+1"]
[WhiteFideId "917087"]
[BlackFideId "1640305"]
[WhiteElo "2436"]
[BlackElo "2572"]
[WhiteTeam "SRB"]
[BlackTeam "AUT"]
[WhiteClock "0:00:25"]
[BlackClock "0:00:54"]

1. Nf3 Nf6 2. c4 g6 3. Nc3 Bg7 4. g3 O-O 5. Bg2 d6 6. O-O e5 7. d3 c6 8. Bg5 Re8 9. Nd2 Nbd7 10. Rb1 h6 11. Bxf6 Nxf6 12. b4 Be6 13. b5 d5 14. bxc6 bxc6 15. Qa4 Qd6 16. cxd5 cxd5 17. Nb5 Qd7 18. Qa6 Rec8 19. Rfc1 Bf8 20. Rxc8 Qxc8 21. Qxc8 Rxc8 22. Nxa7 Rc2 23. Nf3 Rxa2 24. Nc6 e4 25. Nfd4 Bd7 26. Ne5 Ba4 27. Rc1 Bd6 28. f4 exf3 29. Nexf3 Ng4 30. Bh3 Ne5 31. Kf2 Nxd3+ 0-1

[Event "December 5 Early 2023"]
[Site "https://www.chess.com"]
[Date "2023.12.05"]
[Round "7"]
[White "Azar, Sebastien"]
[Black "Truskavetsky, Alexandr"]
[Result "1/2-1/2"]
[Board "102"]
[TimeControl "180+1"]
[WhiteFideId "2640198"]
[BlackFideId "14108577"]
[WhiteElo "2434"]
[BlackElo "2570"]
[WhiteTeam "CAN"]
[BlackTeam "RUS"]
[WhiteClock "0:00:12"]
[BlackClock "0:00:39"]

1. e4 c5 2. Nf3 e6 3. d4 cxd4 4. Nxd4 Nc6 5. Nc3 Nf6 6. Nxc6 bxc6 7. e5 Nd5 8. Ne4 Qc7 9. f4 Qb6 10. c4 Ne3 11. Qd3 Bb4+ 12. Ke2 Nxf1 13. Rxf1 Ba6 14. Be3 Qb8 15. a3 Be7 16. b4 O-O 17. Rf3 f5 18. exf6 Bxf6 19. Rc1 d5 20. Nd2 Rd8 21. Rh3 h6 22. Kf2 dxc4 23. Qg6 Bd4 24. Qxe6+ Kh8 25. Rxh6+ gxh6 26. Bxd4+ Rxd4 27. Qxh6+ Kg8 28. Qg6+ Kf8 29. Qf6+ Kg8 30. Qxd4 Qe8 31. Nxc4 Rd8 32. Nd6 Qe2+ 33. Kg3 Qe6 34. Rd1 Qg6+ 35. Kf2 Qe6 36. Qe5 Qa2+ 37. Kg1 Qb3 38. Re1 Qd5 39. Qxd5+ cxd5 40. Nf5 d4 41. Rd1 d3 42. Rd2 Kf7 43. Kf2 Kf6 44. g4 Rh8 45. Kg3 Rc8 46. Kf3 Rh8 47. h4 Re8 48. Ng3 Bb7+ 49. Kf2 Ba6 50. g5+ Kf7 51. Nf1 Kg6 52. Ne3 Kh5 53. Kf3 Bb7+ 54. Kg3 Rxe3+ 55. Kf2 Rh3 56. f5 Rf3+ 57. Ke1 Be4 58. f6 Kxh4 59. Rf2 Rxf2 60. Kxf2 Bg6 61. Ke3 Kxg5 62. f7 Bxf7 63. Kxd3 Kf6 64. Kc3 Ke5 65. a4 Kd5 66. b5 Kc5 67. Kb2 Bc4 68. Ka1 Kb4 69. Kb2 Bd5 70. Ka1 Bg8 71. Kb2 Bd5 72. Ka1 Be6 73. Kb2 Bb3 74. Ka1 Ka5 75. Kb2 Bd5 76. Ka1 Bb7 77. Kb2 Ba8 78. Ka1 Bd5 79. Kb2 Kb4 1/2-1/2

[Event "December 5 Early 2023"]
[Site "https://www.chess.com"]
[Date "2023.12.05"]
[Round "7"]
[White "Sai Han Thiha"]
[Black "Teterev, Vitaly"]
[Result "1-0"]
[Board "103"]
[TimeControl "180+1"]
[WhiteFideId "13012290"]
[BlackFideId "13501429"]
[WhiteElo "2424"]
[BlackElo "2567"]
[WhiteTeam "MYA"]
[BlackTeam "BLR"]
[WhiteClock "0:00:59"]
[BlackClock "0:00:00"]

1. Nf3 Nf6 2. g3 g6 3. b3 Bg7 4. Bb2 O-O 5. Bg2 d6 6. d4 e5 7. dxe5 dxe5 8. Qxd8 Rxd8 9. Nxe5 Ng4 10. Nd3 Bxb2 11. Nxb2 Na6 12. Nd3 c6 13. Nc3 Bf5 14. e4 Be6 15. Nf4 Nb4 16. Rc1 Ne5 17. a3 Na6 18. Nxe6 fxe6 19. f4 Nf7 20. e5 Kf8 21. Ne4 Ke7 22. Ke2 Rd7 23. Rcd1 Rxd1 24. Rxd1 h6 25. h4 Rg8 26. Nf6 Rd8 27. Rxd8 Kxd8 28. b4 Nc7 29. c4 Ke7 30. Be4 Nh8 31. Ng8+ 1-0

[Event "December 5 Early 2023"]
[Site "https://www.chess.com"]
[Date "2023.12.05"]
[Round "7"]
[White "Shuvalov, Evgenij"]
[Black "Matthes, Aaron"]
[Result "1-0"]
[Board "104"]
[TimeControl "180+1"]
[WhiteFideId "4187237"]
[BlackFideId "16227310"]
[WhiteElo "2554"]
[BlackElo "2420"]
[WhiteTeam "FID"]
[BlackTeam "GER"]
[WhiteClock "0:01:01"]
[BlackClock "0:00:13"]

1. d4 Nf6 2. c4 b6 3. f3 c5 4. d5 e5 5. e4 d6 6. Nc3 Be7 7. Nge2 Nbd7 8. Be3 h6 9. h4 Nh5 10. Bf2 g6 11. Qd2 f5 12. g4 Ng7 13. Qc2 Nf6 14. gxf5 gxf5 15. Rg1 Ngh5 16. exf5 Kf7 17. Bh3 Rg8 18. Rg6 Rxg6 19. fxg6+ Kg7 20. Be6 Ne8 21. Qf5 Nhf6 22. Ng3 Nc7 23. Nh5+ Nxh5 24. Qf7+ Kh8 25. Qh7# 1-0

[Event "December 5 Early 2023"]
[Site "https://www.chess.com"]
[Date "2023.12.05"]
[Round "7"]
[White "Herman, Daniel"]
[Black "Jaskolka, Tomasz"]
[Result "1-0"]
[Board "105"]
[TimeControl "180+1"]
[WhiteFideId "30935008"]
[BlackFideId "1170791"]
[WhiteElo "2413"]
[BlackElo "2550"]
[WhiteTeam "USA"]
[BlackTeam "POL"]
[WhiteClock "0:01:02"]
[BlackClock "0:00:37"]

1. Nf3 Nf6 2. g3 d5 3. Bg2 c5 4. O-O Nc6 5. d4 cxd4 6. Nxd4 e5 7. Nxc6 bxc6 8. c4 Be6 9. Qa4 Qd7 10. Nc3 Bc5 11. cxd5 cxd5 12. Qxd7+ Kxd7 13. Rd1 Kc6 14. Bg5 Ng4 15. Nxd5 Bxf2+ 16. Kf1 Bd4 17. Ne3+ Kb6 18. Nxg4 Bxg4 19. Bxa8 Rxa8 20. Rac1 f6 21. Bd2 h5 22. Bc3 Be3 23. Rd6+ Kc7 24. Rcd1 h4 25. Ba5+ Kb7 26. R1d3 Bc5 27. Rb3+ Kc8 28. Rd8# 1-0

[Event "December 5 Early 2023"]
[Site "https://www.chess.com"]
[Date "2023.12.05"]
[Round "7"]
[White "Bolat, Inayat"]
[Black "Sharapov, Evgeny"]
[Result "1-0"]
[Board "106"]
[TimeControl "180+1"]
[WhiteFideId "13733125"]
[BlackFideId "14103133"]
[WhiteElo "2412"]
[BlackElo "2549"]
[WhiteTeam "KAZ"]
[BlackTeam "UKR"]
[WhiteClock "0:00:05"]
[BlackClock "0:00:09"]

1. e4 c5 2. Nf3 d6 3. d4 cxd4 4. Nxd4 Nf6 5. Nc3 Nc6 6. Bg5 e6 7. Qd3 Be7 8. Nxc6 bxc6 9. O-O-O d5 10. e5 Nd7 11. Bxe7 Qxe7 12. f4 O-O 13. h4 c5 14. h5 a5 15. g4 Ba6 16. Qg3 Bxf1 17. Rdxf1 f6 18. exf6 Qxf6 19. f5 Qg5+ 20. Kb1 exf5 21. Nxd5 fxg4 22. Qd6 Rxf1+ 23. Rxf1 Nf6 24. Nxf6+ gxf6 25. h6 Rf8 26. Qe6+ Kh8 27. a3 g3 28. Rg1 g2 29. Qh3 Rg8 30. Ka2 Qd5+ 31. b3 Qe4 32. Qc3 Qd4 33. Qf3 a4 34. Rxg2 axb3+ 35. cxb3 Rd8 36. Qb7 f5 37. Qe7 c4 38. b4 c3 39. Qg7+ Qxg7 40. hxg7+ Kg8 41. Kb3 h5 42. Kxc3 h4 43. Rh2 Rd6 44. Rxh4 Rf6 45. Rf4 Kxg7 46. b5 Kg6 47. a4 Kg5 48. Rf1 f4 49. a5 Rf5 50. Kc4 f3 51. a6 Rf4+ 52. Kc5 Rf5+ 53. Kb6 Rf6+ 54. Ka5 Kf4 55. a7 Rf8 56. b6 Ke3 57. b7 Ke2 58. Rb1 f2 59. b8=Q 1-0

[Event "December 5 Early 2023"]
[Site "https://www.chess.com"]
[Date "2023.12.05"]
[Round "7"]
[White "Iskusnyh, Sergei"]
[Black "Marchesich, Giovanni"]
[Result "1-0"]
[Board "107"]
[TimeControl "180+1"]
[WhiteFideId "4120027"]
[BlackFideId "2824790"]
[WhiteElo "2548"]
[BlackElo "2413"]
[WhiteTeam "RUS"]
[BlackTeam "ITA"]
[WhiteClock "0:00:15"]
[BlackClock "0:00:02"]

1. d4 Nf6 2. c4 c5 3. d5 b5 4. cxb5 a6 5. e3 g6 6. Nc3 Bg7 7. a4 O-O 8. e4 e6 9. e5 Ne8 10. Nf3 Bb7 11. Bc4 axb5 12. Nxb5 exd5 13. Bxd5 Nc6 14. O-O Qb6 15. Bf4 Nc7 16. Nxc7 Qxc7 17. Re1 Qb6 18. Ng5 Nd4 19. Bxb7 Qxb7 20. Ne4 Qd5 21. Rc1 Ra5 22. Bd2 Raa8 23. Rxc5 Qb7 24. Bc3 Ne6 25. Rb5 Qc6 26. h3 Rfc8 27. Nd6 Rc7 28. Rb4 Rca7 29. Rc4 Qb6 30. Qf3 Rxa4 31. Qxf7+ Kh8 32. Rxa4 Rxa4 33. Qxd7 Nf8 34. Qxa4 Qc7 35. Qb3 1-0

[Event "December 5 Early 2023"]
[Site "https://www.chess.com"]
[Date "2023.12.05"]
[Round "7"]
[White "Kiremitciyan, Ari"]
[Black "Hajiyev, Kanan"]
[Result "1/2-1/2"]
[Board "108"]
[TimeControl "180+1"]
[WhiteFideId "6373445"]
[BlackFideId "13404148"]
[WhiteElo "2411"]
[BlackElo "2547"]
[WhiteTeam "TUR"]
[BlackTeam "AZE"]
[WhiteClock "0:00:05"]
[BlackClock "0:01:41"]

1. e4 c6 2. d4 d5 3. e5 a6 4. Bd3 c5 5. dxc5 e6 6. Nf3 Bxc5 7. O-O Ne7 8. Nc3 Nbc6 9. Re1 Ng6 10. Qe2 Qc7 11. Bxg6 hxg6 12. Bf4 Bd7 13. Rac1 Nd4 14. Nxd4 Bxd4 15. Nd1 Bb5 16. Qf3 O-O-O 17. c3 Bc5 18. Ne3 Kb8 19. Nc2 Bc6 20. Nd4 Qb6 21. Be3 Rd7 22. b4 Bxd4 23. Bxd4 Qd8 24. h3 Qg5 25. Be3 Qf5 26. Qe2 Bb5 27. Qd2 Qd3 28. Qxd3 Bxd3 29. Bd4 Be4 30. f3 Bd3 31. Kf2 Bc4 32. a3 Rh4 33. a4 Rc7 34. a5 Kc8 35. Kg3 Rh5 36. h4 Kd7 37. Rh1 Rc8 38. Rh3 Kc6 39. Rch1 Kb5 40. Kf2 Bd3 41. g4 Rh7 42. h5 gxh5 43. Rxh5 Rch8 44. Rxh7 Rxh7 45. Rxh7 Bxh7 46. Ke3 Kc4 47. Kd2 Bg6 48. Bc5 Kb3 49. Bf8 Bb1 50. Bxg7 d4 51. cxd4 Kxb4 52. Ke3 Kxa5 53. Kf4 Kb5 54. Kg5 Kc4 55. Kf6 Bg6 56. f4 Kxd4 57. f5 exf5 58. gxf5 Bh5 59. e6 fxe6 60. fxe6 Kd5 61. Bf8 Bg4 62. e7 Bh5 63. Bh6 Be8 64. Be3 b5 65. Bd2 Kc4 66. Kg7 b4 67. Kf8 Bb5 68. e8=Q Bxe8 69. Kxe8 b3 70. Bc1 Kc3 71. Kd7 a5 72. Kc6 Kc4 73. Kb6 Kb4 74. Bd2+ Ka4 75. Bc1 Kb4 76. Bd2+ Kc4 77. Bc1 a4 78. Ka5 Kc3 79. Kxa4 Kc2 80. Ba3 Kc3 81. Bc1 Kc4 82. Ka3 Kc3 83. Bb2+ Kc2 84. Bf6 b2 85. Bxb2 1/2-1/2

[Event "December 5 Early 2023"]
[Site "https://www.chess.com"]
[Date "2023.12.05"]
[Round "7"]
[White "Gavrilov, Maxim"]
[Black "Hoffmann, Asa"]
[Result "0-1"]
[Board "109"]
[TimeControl "180+1"]
[WhiteFideId "24271454"]
[BlackFideId "2001470"]
[WhiteElo "2538"]
[BlackElo "2404"]
[WhiteTeam "RUS"]
[BlackTeam "USA"]
[WhiteClock "0:00:00"]
[BlackClock "0:01:19"]

1. d4 Nf6 2. c4 c5 3. d5 e5 4. Nc3 d6 5. e4 Be7 6. Be2 Nbd7 7. Be3 Nf8 8. Qd2 Ng6 9. g3 a6 10. h4 h6 11. h5 Nf8 12. f4 Bg4 13. f5 N8d7 14. Rh4 Bxe2 15. Qxe2 Nh7 16. Rh2 Bg5 17. Nf3 Bxe3 18. Qxe3 Ng5 19. Nxg5 Qxg5 20. Ke2 Nf6 21. Qxg5 hxg5 22. Kf3 g4+ 23. Ke3 Ke7 24. Rah1 Rh6 25. Nd1 b5 26. b3 bxc4 27. bxc4 Rb8 28. Kd3 Rb4 29. Ne3 Ra4 30. Rb1 Ra3+ 31. Rb3 Rxb3+ 32. axb3 Rxh5 33. Ra2 Rh3 34. Nf1 g6 35. fxg6 fxg6 36. Rxa6 Nh5 37. Ra7+ Kf6 38. Ne3 Rxg3 39. Rd7 Nf4+ 40. Kd2 Rg1 41. Rxd6+ Kg5 42. Rc6 g3 43. d6 g2 44. Nxg2 Rxg2+ 45. Kc3 Rg3+ 46. Kc2 Rd3 47. Rxc5 Rxd6 48. Rxe5+ Kf6 49. Re8 Re6 50. Rf8+ Ke5 51. c5 Kxe4 52. b4 Nd5 53. Kb3 g5 54. Kc4 Ne3+ 55. Kb5 g4 56. c6 Nd5 57. Rg8 Kf3 58. Kc5 Nxb4 59. c7 Na6+ 60. Kd4 Nxc7 61. Rf8+ Kg3 62. Rg8 Re1 63. Rg7 Ne6+ 0-1

[Event "December 5 Early 2023"]
[Site "https://www.chess.com"]
[Date "2023.12.05"]
[Round "7"]
[White "Khamdamova, Afruza"]
[Black "Manon-og, Ramon Jr."]
[Result "1-0"]
[Board "110"]
[TimeControl "180+1"]
[WhiteFideId "14210444"]
[BlackFideId "5200776"]
[WhiteElo "2534"]
[BlackElo "2395"]
[WhiteTeam "UZB"]
[BlackTeam "PHI"]
[WhiteClock "0:00:45"]
[BlackClock "0:00:10"]

1. e4 c5 2. Nf3 d6 3. d4 cxd4 4. Nxd4 Nf6 5. Nc3 a6 6. Be2 e5 7. Nb3 Be7 8. O-O O-O 9. Kh1 Be6 10. f4 Nc6 11. f5 Bc8 12. a4 b6 13. Be3 Bb7 14. Bf3 Nb4 15. Bg5 Rc8 16. Qd2 h6 17. Bh4 Nxe4 18. Bxe4 Bxh4 19. Bxb7 Rc7 20. Bf3 Bg5 21. Qe2 d5 22. Rad1 Re8 23. Bxd5 Nxd5 24. Rxd5 Qe7 25. Ne4 Bf4 26. f6 gxf6 27. g3 Bg5 28. h4 f5 29. Nd6 Rd8 30. Nxf5 Qe6 31. Rxd8+ Bxd8 32. Qg4+ Qg6 33. Nxh6+ Kg7 34. Nf5+ Kh7 35. Qe4 b5 36. axb5 axb5 37. Nd2 Bf6 38. b3 Rc3 39. Nf3 Bh8 40. Ng5+ Kg8 41. Ne7+ Kf8 42. Nxg6+ 1-0

[Event "December 5 Early 2023"]
[Site "https://www.chess.com"]
[Date "2023.12.05"]
[Round "7"]
[White "Garrido, Denis"]
[Black "Ozates, Tuna"]
[Result "0-1"]
[Board "111"]
[TimeControl "180+1"]
[WhiteFideId "601217"]
[BlackFideId "6354521"]
[WhiteElo "2393"]
[BlackElo "2534"]
[WhiteTeam "FRA"]
[BlackTeam "TUR"]
[WhiteClock "0:00:08"]
[BlackClock "0:01:23"]

1. d4 Nf6 2. Nf3 d5 3. c4 e6 4. g3 dxc4 5. Bg2 Bd7 6. Ne5 Bc6 7. Nxc6 Nxc6 8. e3 Qd7 9. Qa4 Nd5 10. Qxc4 h5 11. Nc3 O-O-O 12. h4 Kb8 13. Bd2 f6 14. a3 g5 15. hxg5 fxg5 16. Ne4 Be7 17. b4 Rdf8 18. b5 Nd8 19. Nc5 Bxc5 20. dxc5 h4 21. gxh4 gxh4 22. Rb1 Qg7 23. Be4 h3 24. a4 Rh4 25. b6 axb6 26. cxb6 c6 27. Qc2 Qf6 28. f3 Qg5 29. f4 Qg3+ 30. Kd1 Nxe3+ 31. Bxe3 Qxe3 32. Re1 Qd4+ 33. Kc1 Rhxf4 34. Rd1 Qxe4 0-1

[Event "December 5 Early 2023"]
[Site "https://www.chess.com"]
[Date "2023.12.05"]
[Round "7"]
[White "Pham, Le Thao Nguyen"]
[Black "Batbold, Nyamsuren"]
[Result "0-1"]
[Board "112"]
[TimeControl "180+1"]
[WhiteFideId "12401226"]
[BlackFideId "4903331"]
[WhiteElo "2531"]
[BlackElo "2391"]
[WhiteTeam "VIE"]
[BlackTeam "MGL"]
[WhiteClock "0:00:00"]
[BlackClock "0:00:04"]

1. d4 Nf6 2. c4 e6 3. Nc3 Bb4 4. Qc2 c5 5. Nf3 O-O 6. dxc5 Bxc5 7. Bg5 h6 8. Bxf6 Qxf6 9. a3 Nc6 10. e3 b6 11. Rd1 Ne5 12. Be2 Bb7 13. b4 Nxf3+ 14. gxf3 Bxf3 15. Bxf3 Qxf3 16. Qe4 Qxe4 17. Nxe4 Be7 18. Rxd7 Bh4 19. Ke2 Rfc8 20. Nd6 Rd8 21. Rxd8+ Rxd8 22. Nb5 a6 23. Nd4 Bf6 24. Rd1 Rc8 25. Rc1 g5 26. h3 Be5 27. Rc2 h5 28. c5 b5 29. Nf3 Bf6 30. Rd2 Rd8 31. Rxd8+ Bxd8 32. Nd2 f5 33. f3 Kf7 34. Nb3 e5 35. e4 f4 36. Nc1 Ke6 37. Nd3 Bc7 38. Nf2 Bd8 39. Kf1 Bc7 40. Kg2 Bd8 41. Nd1 Bc7 42. Nc3 Bd8 43. Nd5 Kd7 44. Nc3 Kc6 45. Nd1 a5 46. Nf2 axb4 47. axb4 Kd7 48. h4 gxh4 49. Kh3 Ke6 50. Nd3 Bf6 51. Ne1 Kd7 52. Ng2 Kc6 53. Nxh4 Kd7 54. Nf5 Kc6 55. Nh6 Be7 56. Nf7 Bf6 57. Nh6 Be7 58. Nf7 Bf6 59. Kg2 Kd7 60. Nh6 Kc6 61. Kf2 Be7 62. Nf7 Bf6 63. Ke2 Kd7 64. Kf2 Ke6 65. Nd6 Bh4+ 66. Ke2 Bg3 67. Nxb5 h4 68. Kf1 h3 69. Nd6 Kd7 0-1

[Event "December 5 Early 2023"]
[Site "https://www.chess.com"]
[Date "2023.12.05"]
[Round "7"]
[White "Ovezdurdyyeva, Jemal"]
[Black "Chernomordik, Pavel"]
[Result "1-0"]
[Board "113"]
[TimeControl "180+1"]
[WhiteFideId "14001888"]
[BlackFideId "2804530"]
[WhiteElo "2386"]
[BlackElo "2529"]
[WhiteTeam "TKM"]
[BlackTeam "ISR"]
[WhiteClock "0:00:10"]
[BlackClock "0:00:04"]

1. e4 g6 2. d4 Bg7 3. Nc3 d6 4. Nf3 a6 5. h3 b5 6. a3 Bb7 7. Bg5 Nd7 8. Be2 c5 9. Qd2 h6 10. Be3 Qc7 11. O-O Ngf6 12. d5 b4 13. axb4 cxb4 14. Na4 Nxe4 15. Qxb4 Bxd5 16. Rfd1 Bc6 17. Nd4 Bb7 18. Bf3 Ndf6 19. Nb6 Rb8 20. Qa4+ Kf8 21. Nb3 Nc5 22. Nxc5 dxc5 23. Nd7+ Kg8 24. Bxb7 Rxb7 25. Nxc5 Rxb2 26. c4 Kh7 27. Nxa6 Qc8 28. Bd4 Re2 29. c5 e5 30. Be3 Rb2 31. c6 Qf5 32. c7 Ne4 33. Ra2 Rxa2 34. Qxa2 Rc8 35. Rd8 Bf6 36. Rxc8 Qxc8 37. Qxf7+ Bg7 38. Qc4 Nd6 39. Qc6 Nb7 40. Nc5 Na5 41. Qd6 Nc4 42. Qd8 Qf5 43. c8=Q 1-0